 Dungeon Sprint DCSS version 0.31-a0-1576-ga3383bade6 (webtiles) character file.

Game seed: 13702467401190733752

537 sircluck the Grappler (level 7, -10/79 HPs)
             Began as a Troll Berserker on Jan 4, 2024.
             Was a Priest of Trog.
             Incinerated by a deep elf pyromancer (13 damage)
             ... with a pyre arrow
             ... in the Dungeon (Sprint III: "The Ten Rune Challenge").
             The game lasted 00:01:46 (163 turns).

sircluck the Grappler (Troll Berserker)              Turns: 163, Time: 00:01:47

Health: -10/79     AC:  5    Str: 28    XL:     7   Next: 5%
Magic:  6/6        EV: 11    Int:  1    God:    Trog [***...]
Gold:   24         SH:  0    Dex:  9    Spells: 6/6 levels left

rFire   . .          .
                       - Unarmed
rCold   . . .        (no shield)
rNeg    . . .        a - +0 animal skin
rPois   .            (helmet restricted)
rElec   .            h - +0 cloak
rCorr   .            (gloves unavailable)
SInv    .            (boots unavailable)
Will    .....        (no amulet)
Stlth   +            (no ring)
HPRegen 1.13/turn    (no ring)
MPRegen 0.10/turn

%: no teleportation
@: on fire, glowing
A: large, unfitting armour, claws 3, regeneration 1, shaggy fur 1, tough skin 1,
deterioration 1, dopey 1
a: Renounce Religion, Berserk, Trog's Hand


You were in the Dungeon.
You worshipped Trog.
Trog was most pleased with you.
You visited 1 branch You collected 24 gold pieces.

Inventory:

Armour
 a - a +0 animal skin (worn)
 h - a +0 cloak (worn)
Scrolls
 g - a scroll of blinking
 j - a scroll of torment {unknown}
 k - 2 scrolls of identify
 m - a scroll of immolation {unknown}
 n - a scroll of revelation {unknown}
Potions
 b - a potion of curing
 c - a potion of heal wounds
 d - a potion of haste
 e - 3 potions of magic
 f - a potion of berserk rage
 l - 3 potions of enlightenment


   Skills:
 + Level 7.8 Fighting
 + Level 7.7 Dodging
 + Level 9.3 Unarmed Combat


You had 6 spell levels left.
You didn't know any spells.
Your spell library was empty.

Dungeon Overview and Level Annotations

Branches:
Dungeon (1/1)

Altars:
Elyvilon
Zin
The Shining One


Innate Abilities, Weirdness & Mutations

You are too large for most types of armour.
You have claws for hands.
Your natural rate of healing is unusually fast.
You are covered in fur. (AC +1)
You have tough skin. (AC +1)
Your body sometimes deteriorates upon taking damage.
You are dopey. (Int -2)


Message History

You are too injured to fight recklessly!
You are too injured to fight recklessly!
You are too injured to fight recklessly!
You are too injured to fight recklessly!
You claw the deep elf pyromancer!
You kill the deep elf pyromancer!
Trog accepts your kill.
Trog appreciates your killing of a magic user.
The liquid fire burns you!
* * * LOW HITPOINT WARNING * * *
You feel your dexterity returning.
Your Fighting skill gained 2 levels and is now at level 7!
Your Dodging skill gained 2 levels and is now at level 7!
Your Unarmed Combat skill gained 3 levels and is now at level 9!
You have reached level 5!
You have reached level 6!
You feel stronger.
You have reached level 7!
Unknown command.
Unknown command.
Unknown command.
You are on fire!
You are on fire!
You are on fire!
You are on fire!
You shake off some of the fire as you move.
The liquid fire burns you!
* * * LOW HITPOINT WARNING * * *
You shake off some of the fire as you move.
The liquid fire burns you!
* * * LOW HITPOINT WARNING * * *
Things that are here:
a +1 long sword of holy wrath; an elf corpse You shake off some of the fire as you move.
The liquid fire burns you!
* * * LOW HITPOINT WARNING * * *
You see here 2 potions of heal wounds.
You shake off some of the fire as you move.
The liquid fire burns you!
You die...

▓▓▓▓▓ ▓▓▓ #...####
##.#####
#......#####..#___#
#...)...#..#..#!@.#
##.##...#..#..###'#+###+#
##.###..##'#..#..........
###.##..###...'.⌠........
#..##..####...#...######+
...##..###....#.⌠.#
..##...##.....#...#
.##....#†.....#+###
###..##.#.....#


There were no monsters in sight!

Vanquished Creatures
  A deep elf pyromancer (D)
  A water elemental (D)
  Jessica (D)
  A human (D)
  A wolf (D)
  An endoplasm (D)
  A rat (D)
7 creatures vanquished.

Notes
Turn   | Place    | Note
-------+----------+-------------------------------------------
     0 | D        | sircluck the Troll Berserker began the quest for the Orb.
     0 | D        | Reached XP level 1. HP: 22/22 MP: 0/0
    34 | D        | Noticed Jessica
    38 | D        | Killed Jessica
    38 | D        | Reached ** piety under Trog
    39 | D        | Reached skill level 4 in Unarmed Combat
    39 | D        | Reached XP level 2. HP: 31/32 MP: 1/1
    65 | D        | Reached XP level 3. HP: 34/39 MP: 2/2
    71 | D        | Reached skill level 5 in Unarmed Combat
    81 | D        | Noticed a water elemental
    84 | D        | Killed a water elemental
    84 | D        | Reached *** piety under Trog
    85 | D        | Reached skill level 5 in Fighting
    85 | D        | Reached skill level 5 in Dodging
    85 | D        | Reached skill level 6 in Unarmed Combat
    85 | D        | Reached XP level 4. HP: 50/50 MP: 3/3
   135 | D        | Gained mutation: Your body sometimes deteriorates upon
                  | taking damage. [potion of mutation]
   135 | D        | Gained mutation: Your mind is acute. (Int +4, Str/Dex -1)
                  | [potion of mutation]
   136 | D        | Lost mutation: Your mind is acute. (Int +4, Str/Dex -1)
                  | [potion of mutation]
   136 | D        | Lost mutation: Your body sometimes deteriorates upon taking
                  | damage. [potion of mutation]
   136 | D        | Gained mutation: Your body sometimes deteriorates upon
                  | taking damage. [potion of mutation]
   136 | D        | Gained mutation: You are somewhat resistant to further
                  | mutation. [potion of mutation]
   137 | D        | Lost mutation: You are somewhat resistant to further
                  | mutation. [potion of mutation]
   137 | D        | Lost mutation: Your body sometimes deteriorates upon taking
                  | damage. [potion of mutation]
   137 | D        | Gained mutation: You expend magic power (3 MP) to
                  | strengthen your wands. [potion of mutation]
   137 | D        | Gained mutation: You occasionally shout uncontrollably at
                  | your foes. [potion of mutation]
   137 | D        | Gained mutation: You have large cloven feet. [potion of
                  | mutation]
   138 | D        | Lost mutation: You have large cloven feet. [potion of
                  | mutation]
   138 | D        | Lost mutation: You expend magic power (3 MP) to strengthen
                  | your wands. [potion of mutation]
   138 | D        | Lost mutation: You occasionally shout uncontrollably at
                  | your foes. [potion of mutation]
   138 | D        | Gained mutation: You have a pair of small horns on your
                  | head. [potion of mutation]
   138 | D        | Gained mutation: You are clumsy. (Dex -2) [potion of
                  | mutation]
   138 | D        | Gained mutation: You are very clumsy. (Dex -4) [potion of
                  | mutation]
   138 | D        | Gained mutation: You have a pair of horns on your head.
                  | [potion of mutation]
   139 | D        | Lost mutation: You are very clumsy. (Dex -4) [potion of
                  | mutation]
   139 | D        | Lost mutation: You are clumsy. (Dex -2) [potion of
                  | mutation]
   139 | D        | Lost mutation: You have a pair of horns on your head.
                  | [potion of mutation]
   139 | D        | Gained mutation: Your spells are a little easier to cast,
                  | but a little less powerful. [potion of mutation]
   140 | D        | Lost mutation: Your spells are a little easier to cast, but
                  | a little less powerful. [potion of mutation]
   140 | D        | Lost mutation: You have a pair of small horns on your head.
                  | [potion of mutation]
   140 | D        | Gained mutation: You are dopey. (Int -2) [potion of
                  | mutation]
   140 | D        | Gained mutation: Your body sometimes deteriorates upon
                  | taking damage. [potion of mutation]
   151 | D        | Found a glowing silver altar of Zin.
   151 | D        | Found a glowing golden altar of the Shining One.
   151 | D        | Found a white marble altar of Elyvilon.
   151 | D        | Noticed a deep elf pyromancer
   159 | D        | Killed a deep elf pyromancer
   160 | D        | Reached skill level 9 in Unarmed Combat
   160 | D        | Reached XP level 5. HP: 18/63 MP: 4/4
   160 | D        | Reached XP level 6. HP: 21/72 MP: 5/5
   160 | D        | Reached XP level 7. HP: 23/79 MP: 6/6
   162 | D        | HP: 2/79 [burnt (11)]
   163 | D        | Incinerated by a deep elf pyromancer

Illustrated notes

Levels and vault maps discovered:
D:        dungeon_sprint_mu [sprint_mu_entry_cave, sprint_mu_temple_rooms,
          sprint_mu_d1_spiders, sprint_mu_d2_genie, sprint_mu_d3_branching,
          sprint_mu_orc_legion, sprint_mu_elf_gauntlet, sprint_mu_hive_nellie,
          sprint_mu_lair_fedhas, sprint_mu_vaults_butterflies,
          sprint_mu_slime_circle, sprint_mu_swamp_cave, sprint_mu_snake_twists,
          sprint_mu_blade_basic, sprint_mu_crypt_lich, sprint_mu_tomb_spiral,
          sprint_mu_vestibule_basic, sprint_mu_gehenna_hellfire,
          sprint_mu_dis_giant, sprint_mu_tartarus_statrot,
          sprint_mu_cocytus_islands, sprint_mu_zot1]

Skill      XL: |  1  2  3  4 |
---------------+-------------+-----
Fighting       | 3 4 5 7 |  7.8
Dodging        | 3 4 5 7 |  7.7
Unarmed Combat | 4 6 9 |  9.3

Action                     |  1- 3 |  4- 6 |  7- 9 || total
---------------------------+-------+-------+-------++-------
  Melee: Unarmed           |    19 |     7 |       ||    26
 Invoke: Berserk           |     1 |       |       ||     1
    Use: Potion            |       |     6 |       ||     6
 Armour: Animal skin       |    10 |     3 |       ||    13
  Dodge: Dodged            |     6 |     1 |       ||     7

Table legend: (Time is in decaauts)
 A = Elapsed time spent in this place.
 B = Non-inter-level travel time spent in this place.
 C = Inter-level travel time spent in this place.
 D = Time resting spent in this place.
 E = Time spent auto-exploring this place.
 F = Levels seen in this place.
 G = Mean time per level.
                   A        B        C        D        E       F      G
               +--------+--------+--------+--------+--------+-----+--------+
         Total |    171 |    159 |     12 |     52 |     46 |   1 |  171.0 |
       Dungeon |    171 |    159 |     12 |     52 |     46 |   1 |  171.0 |
               +--------+--------+--------+--------+--------+-----+--------+

Top non-repeatable levels by time:
       D: 171 daAuts
